Map: Dreamcatcher LE

Players

Namshar

  • Race: Zerg Zerg
  • League: Master
  • Spawn Location: 11:00

ShoWTimE - Winner!

  • Race: Protoss Protoss
  • Spawn Location: 5:00

Event: HomeStory Cup XVIII

VOD

Have the link to the VOD?

Description

Time

  • Played on: Nov. 22, 2018, 7:14 a.m.
  • Length: 9:38

All games in this series

Show
View Real Time Build Order
Export as new Build Order

Namshar Zerg 

Build Orders: Hatch First 

Get SALT Encoding   

  12  0:00  Drone  
  13  0:11  Drone  
  14  0:15  Extractor  
  14  0:16  Drone  
  15  0:23  Overlord  
  15  0:44  Hatchery  
  15  0:48  Drone  
  15  0:51  Drone  
  15  0:55  Drone  
  17  1:00  Drone  
  18  1:09  Extractor  
  17  1:17  Spawning Pool  
  16  1:23  Drone  
  17  1:26  Drone  
  17  1:31  Drone  
  19  1:43  Drone  
  20  1:54  Overlord  
  20  1:58  Drone  
  21  2:05  Queen  
  21  2:06  Queen  
  21  2:07  Zergling x2  
  26  2:09  Zergling x2  
  27  2:15  Metabolic Boost  
  27  2:20  Drone  
  27  2:21  Drone  
  29  2:24  Drone  
  30  2:30  Drone  
  31  2:42  Hatchery  
  30  2:44  Drone  
  30  2:50  Queen  
  33  2:54  Overlord  
  33  3:00  Zergling x4  
  33  3:03  Zergling x2  
  36  3:09  Overlord  
  36  3:19  Drone x4  
  38  3:26  Drone  
  38  3:27  Drone x4  
  36  3:37  Drone  
  36  3:38  Drone  
  36  3:44  Spore Crawler  
  36  3:47  Spore Crawler  
  34  3:52  Drone x2  
  34  3:53  Drone  
  37  3:56  Drone  
  37  3:57  Drone  
  39  4:04  Drone x2  
  39  4:05  Drone  
  41  4:13  Drone  
  41  4:14  Drone x4  
  46  4:21  Drone  
  46  4:22  Roach Warren  
  46  4:25  Queen  
  48  4:31  Drone  
  48  4:32  Drone  
  48  4:33  Overlord  
  48  4:34  Drone  
  51  4:39  Zergling x6  
  54  4:53  Zergling x8  
  54  4:55  Zergling x6  
  54  4:56  Overlord  
  54  4:57  Drone x3  
  63  5:01  Extractor  
  63  5:02  Drone x2  
  63  5:03  Extractor  
  63  5:06  Drone  
  64  5:08  Lair  
  64  5:12  Drone x2  
  66  5:17  Overlord  
  66  5:18  Drone  
  66  5:19  Drone x2  
  69  5:25  Drone, Overlord  
  69  5:30  Overlord  
  69  5:34  Drone  
  69  5:35  Drone x5  
  70  5:47  Drone  
  70  5:48  Drone x5  
  74  5:50  Queen  
  73  5:59  Queen  
  71  6:06  Spore Crawler  
  71  6:07  Drone x2  
  69  6:13  Overlord x2  
  69  6:14  Drone  
  69  6:15  Drone x6  
  73  6:20  Hydralisk Den  
  73  6:22  Overlord  
  72  6:26  Spore Crawler  
  72  6:27  Queen  
  72  6:28  Spore Crawler  
  72  6:35  Overlord  
  71  6:40  Drone x2  
  71  6:41  Drone  
  71  6:42  Queen  
  71  6:45  Queen  
  75  6:54  Grooved Spines  
  75  6:56  Overlord x3  
  75  7:00  Overlord  
  75  7:06  Extractor  
  75  7:08  Queen  
  74  7:12  Overlord x2  
  74  7:13  Hydralisk x3  
  80  7:16  Hydralisk  
  80  7:17  Hydralisk  
  80  7:22  Hydralisk x2  
  84  7:29  Hydralisk  
  88  7:30  Hydralisk x2  
  88  7:34  Hydralisk x2  
  96  7:47  Hydralisk x3  
  96  7:48  Hydralisk  
  104  7:59  Hydralisk  
  104  8:00  Hydralisk  
  104  8:01  Overlord x2  
  104  8:04  Queen  
  104  8:05  Queen, Muscular Augments  
  112  8:06  Hydralisk  
  112  8:11  Zergling x12  
  120  8:16  Hydralisk  
  120  8:17  Hydralisk  
  120  8:18  Zergling x4  
  126  8:24  Hydralisk  
  126  8:25  Zergling x2  
  129  8:30  Hydralisk  
  131  8:36  Hydralisk, Zergling x2  
  131  8:37  Zergling x10  
  131  8:38  Zergling x2  
  140  8:46  Overlord  
  140  8:47  Hydralisk, Zergling x2  
  143  8:55  Hydralisk  
  145  9:02  Hydralisk x2, Zergling x2  
  145  9:03  Zergling x6  
  145  9:07  Hydralisk  
  141  9:14  Hydralisk  
  141  9:15  Zergling x2  
  133  9:20  Zergling x6  
  133  9:21  Zergling x4  
  140  9:29  Hatchery  
Show
View Real Time Build Order
Export as new Build Order

ShoWTimE Protoss - Winner!

Build Orders: 1 Gate Expand, Oracle Opening, Phoenix Opening, Archon Immortal, Mass Phoenix 

Get SALT Encoding   

  12  0:00  Probe  
  13  0:12  Probe  
  14  0:18  Pylon  
  14  0:24  Probe  
  15  0:32  Probe  
  15  0:40  Probe  
  16  0:42  Gateway  
  16  0:48  Assimilator  
  17  0:51  Probe  
  18  1:03  Probe  
  19  1:15  Probe  
  20  1:25  Nexus  
  20  1:36  Cybernetics Core  
  20  1:40  Probe  
  20  1:45  Assimilator  
  21  1:52  Probe  
  22  1:55  Pylon  
  22  2:04  Probe  
  22  2:05  Adept  
  25  2:16  Probe  
  25  2:18  Stargate  
  26  2:23  Adept  
  26  2:24  Warp Gate  
  26  2:28  Probe  
  27  2:34  Probe  
  29  2:40  Probe  
  29  2:42  Probe  
  31  2:48  Stalker  
  34  2:52  Probe x2  
  36  3:04  Probe  
  37  3:06  Oracle  
  37  3:07  Probe  
  40  3:16  Probe  
  40  3:19  Probe  
  41  3:29  Probe  
  41  3:31  Probe  
  41  3:37  Assimilator  
  41  3:39  Assimilator  
  41  3:41  Adept, Probe  
  40  3:43  Probe  
  40  3:44  Pylon  
  40  3:45  Phoenix  
  43  3:53  Probe  
  43  3:55  Gateway  
  46  3:59  Probe  
  46  4:01  Stargate  
  47  4:05  Probe  
  47  4:07  Phoenix, Probe  
  48  4:16  Pylon, Probe  
  51  4:17  Probe  
  53  4:26  Pylon  
  53  4:28  Probe  
  54  4:33  Phoenix  
  54  4:34  Probe  
  54  4:36  Adept  
  54  4:37  Phoenix  
  59  4:40  Probe  
  62  4:55  Phoenix  
  62  4:57  Adept x2  
  68  5:06  Phoenix, Pylon  
  70  5:17  Nexus  
  70  5:24  Phoenix, Probe x2  
  70  5:28  Shield Battery  
  74  5:38  Probe x2  
  74  5:39  Pylon  
  74  5:40  Phoenix  
  74  5:50  Shield Battery, Probe x2  
  76  6:00  Robotics Facility  
  76  6:02  Probe, Robotics Facility  
  77  6:05  Probe  
  78  6:15  Zealot x2, Probe  
  78  6:17  Probe  
  84  6:25  Probe  
  84  6:27  Forge, Probe  
  84  6:28  Twilight Council  
  84  6:29  Probe  
  86  6:33  Probe  
  86  6:35  Probe  
  86  6:37  Probe  
  87  6:41  Immortal  
  87  6:42  Observer, Probe  
  87  6:43  Probe  
  87  6:46  Probe  
  89  6:53  Probe  
  97  6:55  Assimilator  
  97  6:56  Probe  
  97  6:57  Pylon  
  97  6:58  Probe  
  97  6:59  Assimilator  
  97  7:00  Pylon, Protoss Ground Weapons Level 1  
  99  7:05  Probe  
  99  7:07  Immortal  
  99  7:08  Probe  
  101  7:12  Pylon  
  101  7:15  Sentry, Probe  
  108  7:18  Charge  
  108  7:20  Sentry  
  108  7:22  Pylon  
  110  7:23  Shield Battery, Immortal  
  110  7:24  Pylon  
  114  7:34  Templar Archives  
  114  7:39  Immortal  
  114  7:40  Gateway  
  114  7:41  Gateway  
  114  7:49  Gateway  
  118  7:55  Gateway  
  118  7:57  Gateway  
  116  7:58  Gateway  
  116  8:01  Sentry x2, Immortal  
  124  8:08  Pylon  
  124  8:12  Immortal  
  124  8:13  Pylon  
  124  8:15  Pylon  
  124  8:23  Shield Battery  
  124  8:25  Pylon  
  128  8:27  Shield Battery  
  128  8:30  Shield Battery  
  128  8:31  Photon Cannon  
  128  8:32  Shield Battery  
  128  8:36  Shield Battery  
  128  8:38  Pylon  
  128  8:40  Pylon  
  128  8:42  High Templar x4  
  128  8:45  High Templar  
  138  8:51  Immortal  
  138  8:53  High Templar, Archon x2  
  138  8:55  Zealot x2  
  144  8:57  Probe  
  144  8:59  Archon  
  144  9:00  Pylon  
  145  9:20  Zealot x5  
  145  9:23  Zealot x2  
  151  9:32  Zealot  
Tags
 
Add a new tag
Caveats
  • Supply blocks, unpowered buildings, or Contaminate may cause inaccurate times.
  • Supply counts are checked every 10 seconds.